 Dungeon Crawl Stone Soup version 0.27.1-33-g824d729ab1 (webtiles) character file.

Game seed: 5277502923272165946

19 pkoi the Ruffian (level 2, 0/24 HPs)
             Began as a Draconian Gladiator on Dec 7, 2021.
             Shot with a stone by a goblin (1 damage)
             ... on level 2 of the Dungeon.
             The game lasted 00:01:05 (989 turns).

pkoi the Ruffian (Draconian Gladiator)               Turns: 989, Time: 00:01:06

Health: 0/24       AC:  4    Str: 16    XL:     2   Next: 55%
Magic:  2/2        EV: 12    Int:  8    God:
Gold:   8          SH:  0    Dex: 12    Spells: 1/1 levels left

rFire    . . .     SeeInvis .     - Unarmed
rCold    + . .     Faith    .   (no shield)
rNeg     . . .     Spirit   .   (armour unavailable)
rPois    .         Reflect  .   a - +0 hat
rElec    .         Harm     .   (no cloak)
rCorr    .         Rampage  .   (no gloves)
Will     .....                  (no boots)
Stlth    +.........             (no amulet)
HPRegen  0.08/turn              d - ring of protection from cold
MPRegen  0.08/turn              (no ring)

@: no status effects
A: AC +4, unfitting armour, cold-blooded
a: no special abilities


You were on level 2 of the Dungeon.
You visited 1 branch of the dungeon, and saw 2 of its levels.

You collected 8 gold pieces.

Inventory:

Missiles
 b - 3 throwing nets (quivered)
Armour
 a - a +0 hat (worn)
Jewellery
 d - a ring of protection from cold (left hand)
Potions
 c - a potion of ambrosia {unknown}
 e - 2 potions of heal wounds {unknown}


   Skills:
 - Level 2.1 Fighting
 - Level 1.7 Throwing
 - Level 2.6 Dodging
 + Level 3.9 Unarmed Combat


You had one spell level left.
You didn't know any spells.
Your spell library was empty.

Dungeon Overview and Level Annotations

Branches:
Dungeon (2/15)

Altars:


Innate Abilities, Weirdness & Mutations

Your plain brown scales are hard. (AC +4)
You cannot fit into any form of body armour.
You are cold-blooded and may be slowed by cold attacks.


Message History

There is an open door here.
There is a stone staircase leading down here.
You climb downwards.
The goblin shouts!
Found four items.
There is a stone staircase leading up here.
There are monsters nearby!
The endoplasm freezes you.
You are frozen.
You resist.
The goblin unwields a +0 club.
The goblin wields a +2 hunting sling of freezing.
It is covered in frost.
The goblin shoots a stone.
The stone closely misses you.
You hit the endoplasm.
The endoplasm is heavily wounded.
You barely miss the endoplasm.
The endoplasm is heavily wounded.
The endoplasm freezes you.
You are frozen.
You resist.
The goblin shoots a stone.
The stone hits you.
You are too injured to fight recklessly!
You are too injured to fight recklessly!
You are too injured to fight recklessly!
You are too injured to fight recklessly!
You are too injured to fight recklessly!
You hit the endoplasm.
You kill the endoplasm!
The goblin shoots a stone.
The stone hits you.
* * * LOW HITPOINT WARNING * * *
The stone freezes you.
* * * LOW HITPOINT WARNING * * *
An endoplasm comes into view.
The goblin shoots a stone.
The stone hits you.
* * * LOW HITPOINT WARNING * * *
The stone freezes you.
* * * LOW HITPOINT WARNING * * *
Unknown command.
A frilled lizard comes into view.
The goblin shoots a stone.
The stone hits you.
* * * LOW HITPOINT WARNING * * *
The stone freezes you.
You die...

.. .. ....... .
....... .####
......J ##.....
....... ...g...
.......##.......
.......#<......l
........@....###
.##....[....#
#.?.......#
#.........#
#.........#
#?........#
#...(.....#
#.........#
.....######


You could see a goblin and a frilled lizard.

Vanquished Creatures
  A bat (D:1)
  An endoplasm (D:2)
  2 giant cockroaches (D:1)
  2 goblins (D:1)
  3 hobgoblins (D:1)
  A quokka (D:1)
  A ball python (D:1)
  A frilled lizard (D:1)
  2 kobolds (D:1)
  4 rats (D:1)
18 creatures vanquished.

Notes
Turn   | Place    | Note
-------+----------+-------------------------------------------
     0 | D:1      | pkoi the Draconian Gladiator began the quest for the Orb.
     0 | D:1      | Reached XP level 1. HP: 17/17 MP: 1/1
   219 | D:1      | Reached XP level 2. HP: 22/24 MP: 2/2
   242 | D:1      | Found a faded altar of an unknown god.
   989 | D:2      | HP: 1/24 [goblin/stone (3)]
   989 | D:2      | Shot with a stone by a goblin

Illustrated notes

Levels and vault maps discovered:
D:1:      nzn_arrival_depleted_hourglass, layout_loops_corners,
          ebering_ecumenical_altar_webs
D:2:      minmay_angry_zag, layout_basic, serial_shops, nicolae_shop_waterfront,
          uniq_jessica

Action                   || total
-------------------------++-------
Melee: Unarmed           ||    48
       Tailslap          ||     8
       Punch             ||     1
 Stab: Sleeping          ||     1
Armor: Skin              ||    15
Dodge: Dodged            ||    29
